 Dungeon Crawl Stone Soup version 0.31-a0-996-g3b49de5836 (webtiles) character file.

Game seed: 194521378341958041

15570 Nedwor the Cleaver (level 12, -10/110 HPs)
             Began as a Minotaur Monk on Nov 7, 2023.
             Was a High Priest of Uskayaw.
             Mangled by an eight-headed hydra (11 damage)
             ... on level 2 of the Lair of Beasts.
             The game lasted 00:17:26 (13259 turns).

Nedwor the Cleaver (Minotaur Monk)                 Turns: 13259, Time: 00:17:28

Health: -10/110    AC: 17    Str: 28    XL:     12   Next: 2%
Magic:  17/17      EV: 10    Int:  7    God:    Uskayaw [*****.]
Gold:   621        SH:  0    Dex: 12    Spells: 11/11 levels left

rFire   . . .        I - -1 demon whip (venom)
rCold   . . .        k - orb {light}
rNeg    . . .        d - +0 storm dragon scales
rPois   +            (helmet restricted)
rElec   +            x - +0 cloak
rCorr   .            (no gloves)
SInv    .            t - +0 pair of boots
Will    .....        j - amulet of faith Stlth
                     l - +6 ring of strength
HPRegen 0.38/turn    n - ring of poison resistance
MPRegen 0.15/turn

%: faith
@: glowing
A: horns 2, retaliatory headbutt
a: Renounce Religion, Stomp, Line Pass, Grand Finale


You were on level 2 of the Lair of Beasts.
You worshipped Uskayaw.
Uskayaw was aware of your devotion.
You visited 3 branches of the dungeon, and saw 14 of its levels.
You also visited: Bailey.

You collected 621 gold pieces.

Inventory:

Hand Weapons
 a - a +0 hand axe
 w - a +0 battleaxe of freezing
 I - a -1 demon whip of venom (weapon)
Armour
 d - +0 storm dragon scales (worn)
 k - an orb of light (worn)
 t - a +0 pair of boots (worn)
 x - a +0 cloak (worn)
 G - a +0 crystal plate armour
Jewellery
 b - a ring of ice
 g - a ring of see invisible
 j - an amulet of faith (around neck)
 l - a +6 ring of strength (left hand)
 n - a ring of poison resistance (right hand)
 B - a ring of ice
Wands
 A - a wand of acid (14)
 C - a wand of paralysis (9)
 D - a wand of digging (8)
 L - a wand of mindburst (5)
Scrolls
 m - a scroll of revelation
 p - 3 scrolls of silence
 s - 11 scrolls of teleportation
 u - 3 scrolls of fear
 v - a scroll of summoning
 y - 2 scrolls of enchant armour
 z - a scroll of fog {unknown}
 E - a scroll of torment {unknown}
 J - a scroll of vulnerability
 K - a scroll of amnesia
Potions
 e - 4 potions of invisibility
 f - 7 potions of mutation
 h - 2 potions of haste
 i - 7 potions of curing
 o - a potion of enlightenment
 q - a potion of brilliance {unknown}
 r - 2 potions of berserk rage {unknown}
 F - 2 potions of heal wounds {unknown}
 H - a potion of might {unknown}


   Skills:
 + Level 11.4 Fighting
 - Level 14.0(14.5) Axes
 * Level 6.6(11.2) Maces & Flails
 + Level 10.8 Armour
 - Level 3.2 Dodging
 + Level 8.0 Invocations


You had 11 spell levels left.
You didn't know any spells.
Your spell library contained the following spells:

 Spells                   Type           Power      Damage    Failure   Level
 Apportation              Tloc           0%         N/A       88%         1
 Necrotise                Necr           0%         1d4       88%         1
 Summon Small Mammal      Summ           0%         N/A       88%         1
 Cigotuvi's Dreadful Rot  Necr/Pois/Air  0%         N/A       96%         2
 Call Canine Familiar     Summ           0%         N/A       99%         3
 Ignite Poison            Fire/Tmut/Pois 0%         N/A       99%         3
 Ozocubu's Armour         Ice            0%         N/A       99%         3
 Sigil of Binding         Hex            0%         N/A       99%         3
 Tukima's Dance           Hex            0%         N/A       99%         3
 Dimensional Bullseye     Hex/Tloc       0%         N/A       100%        4
 Iskenderun's Mystic Bla  Conj/Tloc      0%         2d3       100%        4
 Leda's Liquefaction      Hex/Erth       0%         N/A       100%        4
 Freezing Cloud           Conj/Ice/Air   0%         6-21      100%        5
 Metabolic Englaciation   Hex/Ice        0%         N/A       100%        5
 Simulacrum               Ice/Necr       0%         N/A       100%        6
 Ozocubu's Refrigeration  Ice            0%         4d7       100%        7


Dungeon Overview and Level Annotations

Branches:
Dungeon (11/15)            Temple (1/1) D:5            Lair (2/5) D:11
 Spider (0/4) Lair:2          Orc (0/2) D:10         Bailey (visited)
  Swamp: Lair:2-3    Shoals: Lair:2-3

Altars:
Ashenzari
Cheibriados
Dithmenos
Elyvilon
Fedhas
Gozag
Hepliaklqana
Kikubaaqudgha
Makhleb
Nemelex Xobeh
Okawaru
Qazlal
Ru
Sif Muna
Trog
Uskayaw
Vehumet
Wu Jian
Xom
Yredelemnul
Zin
The Shining One

Shops:
D:5 *


Innate Abilities, Weirdness & Mutations

You have a pair of horns on your head.
You reflexively headbutt those who attack you in melee.


Message History

* * * LOW HITPOINT WARNING * * *
The eight-headed hydra bites you but does no damage. x2
The eight-headed hydra bites you.
* * * LOW HITPOINT WARNING * * *
There is a web, spattered with blood here.
You see here a wolf corpse.
You disentangle yourself.
You feel sick.
The eight-headed hydra closely misses you.
You furiously retaliate!
You headbutt the eight-headed hydra!
The eight-headed hydra closely misses you.
The eight-headed hydra bites you but does no damage.
The eight-headed hydra closely misses you.
The eight-headed hydra bites you.
* * * LOW HITPOINT WARNING * * *
The eight-headed hydra bites you but does no damage.
The eight-headed hydra barely misses you.
The eight-headed hydra bites you.
* * * LOW HITPOINT WARNING * * *
You hit the eight-headed hydra.
The eight-headed hydra is lightly wounded.
The eight-headed hydra bites you.
* * * LOW HITPOINT WARNING * * *
The eight-headed hydra barely misses you.
The eight-headed hydra bites you.
* * * LOW HITPOINT WARNING * * *
The eight-headed hydra misses you. The eight-headed hydra bites you.
* * * LOW HITPOINT WARNING * * *
The eight-headed hydra bites you but does no damage. x3
You whack the eight-headed hydra!
The eight-headed hydra is moderately wounded.
You feel sick.
You are no longer poisoned.
You whack the eight-headed hydra! You headbutt the eight-headed hydra!
The eight-headed hydra is heavily wounded.
The eight-headed hydra misses you. The eight-headed hydra bites you.
* * * LOW HITPOINT WARNING * * *
The eight-headed hydra bites you!
* * * LOW HITPOINT WARNING * * *
The eight-headed hydra bites you!
You die...

....................
.......<...##.##P..
....#...#..#.......
....###.#P.#.......
... ####...P#.#.. ..
.# ###..........
..P#..#.........
................
......D@........
..#....:...^.... .
##^.†......#..
#^^.†^###....
#^^^^^^# #...
..#^>^^## P..
§....^^^## ..
.#^^...## #^^...


You could see an eight-headed hydra.

Vanquished Creatures
  Fannar (D:10)
  A two-headed ogre (D:10)
  Amaemon (D:10)
  An orc knight (Bailey)
  An orange demon (D:10)
  5 cane toads (Lair:1)
  An unseen horror (D:11)
  A rime drake (Lair:1)
  3 trolls
  4 hornets
  2 vampires
  A wraith (D:10)
  17 yaks
  A wyvern (D:9)
  A redback (Lair:2)
  A steam dragon (Lair:1)
  2 wargs (D:10)
  2 acid dragons
  9 water moccasins
  10 orc warriors
  2 ice beasts (D:7)
  A sky beast (D:8)
  2 black bears
  8 wolves
  6 centaurs
  3 ogres
  A phantom (D:5)
  A kobold brigand (D:10)
  5 bullfrogs
  A gnoll sergeant (D:6)
  A scorpion (D:5)
  11 killer bees (D:9)
  A howler monkey (D:5)
  2 electric eels (D:11)
  6 hounds
  A jelly (D:4)
  2 orc priests
  Crazy Yiuf (D:4)
  11 orc wizards
  11 iguanas
  A sleepcap (D:6)
  7 adders
  4 gnolls (D:6)
  A shadow imp (D:5)
  A white imp (D:4)
  6 ufetubi
  5 dart slugs
  37 orcs
  6 ball pythons
  5 endoplasms
  4 giant cockroaches
  8 goblins
  4 hobgoblins
  2 jackals (D:3)
  3 quokkas (D:1)
  5 bats
  A frilled lizard (D:1)
  10 kobolds
  5 rats
257 creatures vanquished.

Notes
Turn   | Place    | Note
-------+----------+-------------------------------------------
     0 | D:1      | Nedwor the Minotaur Monk began the quest for the Orb.
     0 | D:1      | Reached XP level 1. HP: 19/19 MP: 0/0
    63 | D:1      | Reached skill level 4 in Axes
    65 | D:1      | Reached XP level 2. HP: 27/27 MP: 1/1
   117 | D:1      | Reached skill level 1 in Armour
   594 | D:1      | Reached XP level 3. HP: 33/33 MP: 2/2
  1589 | D:3      | Reached skill level 5 in Axes
  1589 | D:3      | Reached XP level 4. HP: 41/41 MP: 3/3
  1607 | D:3      | Found an opulent altar of Gozag.
  2094 | D:4      | Reached XP level 5. HP: 47/47 MP: 4/4
  2108 | D:4      | Found a runed translucent door.
  2109 | D:4      | Noticed Crazy Yiuf
  2265 | D:4      | Killed Crazy Yiuf
  3064 | D:4      | Noticed an ogre
  3070 | D:4      | Killed an ogre
  3071 | D:4      | Reached skill level 5 in Fighting
  3071 | D:4      | Reached skill level 6 in Axes
  3071 | D:4      | Reached XP level 6. HP: 31/56 MP: 5/5
  3285 | D:4      | Found a snail-covered altar of Cheibriados.
  3449 | D:5      | Entered Level 5 of the Dungeon
  3456 | D:5      | Found a staircase to the Ecumenical Temple.
  3482 | Temple   | Entered the Ecumenical Temple
  3669 | Temple   | Became a worshipper of Uskayaw the Reveller
  3669 | Temple   | Reached * piety under Uskayaw
  3735 | D:5      | Reached ** piety under Uskayaw
  3737 | D:5      | Reached *** piety under Uskayaw
  3739 | D:5      | Reached **** piety under Uskayaw
  3740 | D:5      | Reached skill level 7 in Axes
  3740 | D:5      | Found a bloodstained altar of Trog.
  3925 | D:5      | Noticed a water moccasin
  3931 | D:5      | Killed a water moccasin
  3932 | D:5      | Reached XP level 7. HP: 37/62 MP: 6/6
  4105 | D:5      | Reached skill level 8 in Axes
  4143 | D:5      | Found Epriggac's Assorted Antiques.
  4212 | D:5      | Reached skill level 5 in Armour
  4215 | D:5      | Reached skill level 1 in Invocations
  4218 | D:5      | Reached ***** piety under Uskayaw
  4220 | D:5      | Reached XP level 8. HP: 14/71 MP: 6/8
  4498 | D:5      | Found a blossoming altar of Fedhas.
  4551 | D:5      | Identified the +1 ring mail of the Bells {rPois Int-4
                  | Dex+2}
  5091 | D:6      | Reached skill level 9 in Axes
  5763 | D:6      | Noticed a hornet
  5770 | D:6      | Killed a hornet
  5838 | D:6      | Found an iron altar of Okawaru.
  5845 | D:6      | Found an ornate altar of the Wu Jian Council.
  5846 | D:6      | Found a hazy altar of Hepliaklqana.
  5993 | Bailey   | Identified the "Ehofif"
  6001 | D:7      | Reached skill level 10 in Axes
  6101 | D:7      | Reached XP level 9. HP: 79/79 MP: 10/10
  6322 | D:7      | Found a flagged portal.
  6387 | Bailey   | Entered a bailey
  6510 | Bailey   | Noticed an orc knight
  6519 | Bailey   | Killed an orc knight
  6520 | Bailey   | Reached skill level 11 in Axes
  6825 | Bailey   | Noticed an orc knight
  7267 | D:7      | Identified the +0 scale mail of Generosity {rElec Int+4
                  | Dex+3}
  7612 | D:8      | Reached skill level 5 in Invocations
  7655 | D:8      | Reached XP level 10. HP: 85/90 MP: 12/12
  7884 | D:9      | Found a sparkling altar of Nemelex Xobeh.
  7891 | D:9      | Reached skill level 12 in Axes
  8889 | D:9      | Found a shimmering blue altar of Sif Muna.
  8992 | D:9      | Found a glowing silver altar of Zin.
  8994 | D:9      | Found a glowing golden altar of the Shining One.
  9057 | D:9      | Reached skill level 13 in Axes
  9105 | D:9      | Found a white marble altar of Elyvilon.
  9254 | D:10     | Entered Level 10 of the Dungeon
  9261 | D:10     | Found a radiant altar of Vehumet.
  9262 | D:10     | Noticed a two-headed ogre
  9268 | D:10     | Killed a two-headed ogre
  9566 | D:10     | Found a staircase to the Orcish Mines.
  9595 | D:10     | Reached skill level 10 in Fighting
  9856 | D:10     | Noticed Fannar
  9868 | D:10     | Killed Fannar
  9869 | D:10     | Reached XP level 11. HP: 90/99 MP: 14/14
 10162 | D:10     | Identified the +5 ring mail of the Cooper {Int+3}
 10238 | D:10     | Found a broken altar of Ashenzari.
 10295 | D:10     | Noticed Amaemon
 10305 | D:10     | Killed Amaemon
 10306 | D:10     | Reached skill level 14 in Axes
 10888 | D:11     | Reached skill level 1 in Maces & Flails
 10963 | D:11     | Found a staircase to the Lair.
 11551 | D:11     | Reached skill level 10 in Armour
 12215 | Gauntlet | Identified the "Zusu"
 12215 | Gauntlet | Identified the "Pymo"
 12215 | Gauntlet | Identified the "Demaug"
 12215 | Lair:1   | Entered Level 1 of the Lair of Beasts
 12391 | Lair:1   | Reached skill level 5 in Maces & Flails
 13231 | Lair:2   | Found a hole to the Spider Nest.
 13243 | Lair:2   | Noticed an eight-headed hydra
 13249 | Lair:2   | Reached XP level 12. HP: 51/110 MP: 15/17
 13259 | Lair:2   | HP: 1/110 [eight-headed hydra (7)]
 13259 | Lair:2   | Mangled by an eight-headed hydra

Illustrated notes

Levels and vault maps discovered:
D:1:      erik_arrival_blinker_ship, layout_loops_ring, chequers_arboretum,
          amcnicky_mini_rare_corridor_liquid, minivault_25
D:2:      layout_basic, eino_tiny_chamber
D:3:      layout_rooms, grunt_gozag_breadcrumbs
D:4:      layout_rooms, cheibriados_altar_1, uniq_crazy_yiuf_cottage
D:5:      layout_rooms, bloody_trog, mainiacjoe_overflow_catwalk,
          minmay_temple_entry_purple_smoke, serial_shops, nicolae_shop_stone,
          grunt_decor_mini_mirrors, st_stairs_3, serial_bayou_pond_b
D:6:      layout_loops_ring, minitemple
D:7:      layout_cave_pools, enter_bailey_2
D:8:      layout_cave_pools, chequers_jeans
D:9:      layout_basic, dreamdust_divine_triumvirate,
          mainiacjoe_overflow_surrounded_room, nemelex_xobeh_ov_fountains_minmay
D:10:     minmay_flawed_box, layout_stronghold,
          mainiacjoe_overflow_six_doors_small, nicolae_vehumet_altar_sigil,
          david_orc_1_choice, uniq_fannar, uniq_amaemon
D:11:     layout_irregular_city, erik_lair_island
Temple:   hellmonk_temple_beads
Lair:1:   layout_roguey, grunt_megastairs_2
Lair:2:   layout_chaotic_city, minmay_swamp_entry_reptiles,
          spider_nest_entry_webs, ebering_ghost_disaster_area

Skill      XL: |  1  2  3  4  5  6  7  8  9 10 11 |
---------------+----------------------------------+-----
Axes           | 4 5 6 7 8 10 11 13 14 | 14.0
Armour         | 1 2 3 4 5 6 7 9 10 | 10.8
Fighting       | 4 5 6 7 8 10 11 | 11.4
Invocations    | 1 3 5 6 8 |  8.0
Maces & Flails | 6 |  6.6
Dodging        | |  3.2

Action                     |  1- 3 |  4- 6 |  7- 9 | 10-12 || total
---------------------------+-------+-------+-------+-------++-------
  Melee: Hand axe          |    69 |    21 |       |       ||    90
         Headbutt          |     5 |     9 |    37 |    45 ||    96
         Battleaxe         |       |    38 |   209 |   121 ||   368
         Demon whip        |       |       |       |   157 ||   157
  Evoke: Wand              |       |       |       |     1 ||     1
    Use: Scroll            |       |     6 |     5 |     6 ||    17
         Potion            |       |       |       |     1 ||     1
   Stab: Paralysed         |       |     1 |     3 |    38 ||    42
 Armour: Robe              |    17 |       |       |       ||    17
         Chain mail        |    17 |    58 |   242 |    57 ||   374
         Plate armour      |       |       |       |    87 ||    87
         Storm dragon scal |       |       |       |   149 ||   149
  Dodge: Dodged            |    25 |    23 |   174 |   130 ||   352

Table legend: (Time is in decaauts)
 A = Elapsed time spent in this place.
 B = Non-inter-level travel time spent in this place.
 C = Inter-level travel time spent in this place.
 D = Time resting spent in this place.
 E = Time spent auto-exploring this place.
 F = Levels seen in this place.
 G = Mean time per level.
                   A        B        C        D        E       F      G
               +--------+--------+--------+--------+--------+-----+--------+
         Total |  13308 |  12587 |    721 |   3096 |   7931 |  15 |  887.2 |
       Dungeon |  11260 |  10648 |    612 |   2642 |   6794 |  11 | 1023.6 |
        Temple |    226 |    136 |     90 |      0 |    135 |   1 |  226.0 |
          Lair |   1005 |    987 |     18 |      0 |    875 |   2 |  502.5 |
        Bailey |    815 |    815 |      0 |    454 |    126 |   1 |  815.0 |
               +--------+--------+--------+--------+--------+-----+--------+

Top non-repeatable levels by time:
    D:10: 1533 daAuts
     D:4: 1462 daAuts
     D:9: 1363 daAuts
    D:11: 1316 daAuts
     D:5: 1197 daAuts
     D:6: 1157 daAuts
  Lair:1: 956 daAuts
  Bailey: 815 daAuts
     D:1: 801 daAuts
     D:2: 689 daAuts
     D:7: 684 daAuts
     D:8: 548 daAuts
     D:3: 506 daAuts
  Temple: 226 daAuts
  Lair:2: 48 daAuts
